General information
			
			
        
        - name: BNet
 
        - type: Ladder team game (AT/RT)
 
        - host: Battle.net
 
        - saver: thelaghotel
 
        
map: TidewaterGlades 
        - players: 4
 
        - length: 26:29
 
        - speed: Fast
 - version: 1.22 W3XP
 - replay type:  Public
 
» download(155 KB)
Players
        team 1 (winner) 
              
              
nooobkiller (
green | 108 APM | 2848 actions | 26:29)
              
 5 Death Knight 
 3 Death Coil
 1 Unholy Aura
 1 Death Pact
 5 Lich 
 3 Frost Nova
 2 Dark Ritual
 3 Crypt Lord 
 2 Impale
 1 Spiked Carapace
 
                » actions 
                
                | Assign group hotkey | 54 |  | 
| Basic commands | 195 |  | 
| Build / train | 64 |  | 
| Enter build submenu | 23 |  | 
| Enter hero's abilities submenu | 13 |  | 
| Give item / drop item | 4 |  | 
| Remove unit from queue | 1 |  | 
| Right click | 1168 |  | 
| Select / deselect | 510 |  | 
| Select group hotkey | 692 |  | 
| Use ability | 124 |  | 
                2848 total
 » units 
                
                | Acolyte | 4 |  | 
| Ghoul | 2 |  | 
| Crypt Fiend | 8 |  | 
| Obsidian Statue | 5 |  | 
| Abomination | 6 |  | 
| Frost Wyrm | 2 |  | 
                27 total
 » upgrades
                
                | Destroyer Form | 1 |  | 
| Burrow | 1 |  | 
| Disease Cloud | 1 |  | 
| Web | 1 |  | 
                4 total
 » buildings
                
                | Crypt | 1 |  | 
| Graveyard | 1 |  | 
| Altar of Darkness | 1 |  | 
| Ziggurat | 7 |  | 
| Tomb of Relics | 1 |  | 
| Halls of the Dead | 1 |  | 
| Black Citadel | 3 |  | 
| Slaughterhouse | 2 |  | 
| Sacrificial Pit | 1 |  | 
| Boneyard | 1 |  | 
| Necropolis | 1 |  | 
                20 total
 » build order
                00:23 Crypt
00:31 Graveyard
00:47 Altar of Darkness
01:00 Ziggurat
01:37 Tomb of Relics
02:08 Ziggurat
03:33 Halls of the Dead
04:19 Ziggurat
06:37 Black Citadel
06:37 Black Citadel
06:38 Black Citadel
07:19 Slaughterhouse
09:24 Ziggurat
10:58 Sacrificial Pit
12:42 Ziggurat
13:51 Slaughterhouse
14:56 Boneyard
16:55 Ziggurat
16:58 Ziggurat
26:24 Necropolis
» items
                
                | Rod of Necromancy | 3 |  | 
| Potion of Mana | 1 |  | 
| Orb of Corruption | 1 |  | 
| Potion of Healing | 2 |  | 
| Scroll of Town Portal | 2 |  | 
| Scroll of Healing | 1 |  | 
| Potion of Lesser Invulnerability | 1 |  | 
| Scroll of Regeneration | 1 |  | 
                12 total
  
               
              
              
» 
thelaghotel (
purple | 81 APM | 2146 actions | 26:29)
              
 5 Archmage 
 3 Summon Water Elemental
 2 Brilliance Aura
 4 Mountain King 
 2 Storm Bolt
 2 Bash
 
                » actions 
                
                | Assign group hotkey | 302 |  | 
| Basic commands | 171 |  | 
| Build / train | 79 |  | 
| ESC pressed | 3 |  | 
| Enter build submenu | 27 |  | 
| Enter hero's abilities submenu | 9 |  | 
| Give item / drop item | 1 |  | 
| Remove unit from queue | 1 |  | 
| Right click | 876 |  | 
| Select / deselect | 432 |  | 
| Select group hotkey | 123 |  | 
| Use ability | 122 |  | 
                2146 total
 » units 
                
                | Peasant | 12 |  | 
| Footman | 6 |  | 
| Spell Breaker | 9 |  | 
| Priest | 4 |  | 
| Rifleman | 2 |  | 
| Mortar Team | 9 |  | 
                42 total
 » upgrades
                
                | Masonry | 2 |  | 
| Long Rifles | 2 |  | 
| Fragmentation Shards | 1 |  | 
| Flare | 1 |  | 
| Plating | 1 |  | 
| Gunpowder | 1 |  | 
                8 total
 » buildings
                
                | Altar of Kings | 1 |  | 
| Farm | 9 |  | 
| Barracks | 1 |  | 
| Scout Tower | 4 |  | 
| Lumber Mill | 1 |  | 
| Arcane Tower | 4 |  | 
| Keep | 1 |  | 
| Guard Tower | 4 |  | 
| Arcane Vault | 1 |  | 
| Arcane Sanctum | 2 |  | 
| Blacksmith | 1 |  | 
| Castle | 1 |  | 
| Workshop | 1 |  | 
| Town Hall | 1 |  | 
                32 total
 » build order
                00:08 Altar of Kings
00:27 Farm
01:09 Farm
01:15 Barracks
01:47 Scout Tower
01:51 Scout Tower
02:04 Lumber Mill
02:16 Arcane Tower
02:26 Arcane Tower
02:29 Farm
03:16 Keep
03:39 Guard Tower
03:55 Farm
04:53 Farm
05:46 Arcane Vault
05:50 Arcane Sanctum
05:53 Arcane Sanctum
06:09 Blacksmith
09:04 Guard Tower
09:07 Arcane Tower
09:08 Arcane Tower
11:55 Castle
12:08 Farm
12:13 Workshop
12:49 Farm
15:35 Farm
16:19 Town Hall
16:42 Scout Tower
17:11 Scout Tower
17:13 Guard Tower
17:22 Farm
19:55 Guard Tower
» items
                
                | Scroll of Regeneration | 3 |  | 
| Ivory Tower | 2 |  | 
| Scroll of Town Portal | 2 |  | 
                7 total
  
               team 2 (loser) 
              
              
iAm)ChoicE (
red | 69 APM | 1817 actions | 26:28)
              
 5 Goblin Tinker 
 3 Pocket Factory
 2 Engineering Upgrade
 4 Pandaren Brewmaster 
 2 Breath of Fire
 2 Drunken Haze
 
                » actions 
                
                | Assign group hotkey | 6 |  | 
| Basic commands | 7 |  | 
| Build / train | 95 |  | 
| Enter build submenu | 17 |  | 
| Enter hero's abilities submenu | 10 |  | 
| Give item / drop item | 3 |  | 
| Remove unit from queue | 1 |  | 
| Right click | 936 |  | 
| Select / deselect | 499 |  | 
| Select group hotkey | 75 |  | 
| Use ability | 166 |  | 
                1817 total
 » units 
                
                | Wisp | 22 |  | 
| Archer | 10 |  | 
| Huntress | 4 |  | 
| Dryad | 20 |  | 
| Druid of the Claw | 2 |  | 
| Faerie Dragon | 5 |  | 
                63 total
 » upgrades
                
                | Improved Bows | 1 |  | 
| Abolish Magic | 1 |  | 
| Strength of the Wild | 1 |  | 
| Druid of the Claw Training | 2 |  | 
                5 total
 » buildings
                
                | Moon Well | 5 |  | 
| Ancient of War | 1 |  | 
| Altar of Elders | 1 |  | 
| Tree of Ages | 2 |  | 
| Hunter's Hall | 1 |  | 
| Ancient of Lore | 1 |  | 
| Tree of Eternity | 2 |  | 
| Tree of Life | 2 |  | 
| Ancient of Wind | 1 |  | 
| Ancient of Wonders | 2 |  | 
                18 total
 » build order
                00:29 Moon Well
00:46 Ancient of War
00:48 Altar of Elders
01:34 Moon Well
02:05 Moon Well
02:59 Tree of Ages
03:00 Tree of Ages
03:31 Hunter's Hall
05:36 Ancient of Lore
06:22 Tree of Eternity
06:22 Tree of Eternity
06:54 Moon Well
10:20 Moon Well
10:32 Tree of Life
15:39 Ancient of Wind
16:14 Ancient of Wonders
16:25 Ancient of Wonders
20:49 Tree of Life
» items
                
                | Boots of Speed | 1 |  | 
| Scroll of Healing | 2 |  | 
| Scroll of Town Portal | 1 |  | 
| Potion of Healing | 3 |  | 
                7 total
  
               
              
              
Deathscythe49 (
yellow | 102 APM | 2684 actions | 26:23)
              
 3 Death Knight 
 2 Death Coil
 1 Unholy Aura
 4 Lich 
 2 Frost Nova
 2 Dark Ritual
 3 Crypt Lord 
 2 Impale
 1 Spiked Carapace
 
                » actions 
                
                | Assign group hotkey | 42 |  | 
| Basic commands | 19 |  | 
| Build / train | 59 |  | 
| ESC pressed | 4 |  | 
| Enter build submenu | 12 |  | 
| Enter hero's abilities submenu | 10 |  | 
| Give item / drop item | 1 |  | 
| Remove unit from queue | 1 |  | 
| Right click | 1479 |  | 
| Select / deselect | 544 |  | 
| Select group hotkey | 393 |  | 
| Use ability | 120 |  | 
                2684 total
 » units 
                
                | Acolyte | 2 |  | 
| Ghoul | 5 |  | 
| Crypt Fiend | 15 |  | 
| Obsidian Statue | 3 |  | 
| Abomination | 5 |  | 
                30 total
 » upgrades
                
                | Burrow | 1 |  | 
| Creature Attack | 2 |  | 
| Unholy Armor | 1 |  | 
| Web | 1 |  | 
| Unholy Strength | 1 |  | 
                6 total
 » buildings
                
                | Crypt | 1 |  | 
| Altar of Darkness | 1 |  | 
| Ziggurat | 5 |  | 
| Tomb of Relics | 1 |  | 
| Graveyard | 1 |  | 
| Nerubian Tower | 1 |  | 
| Halls of the Dead | 1 |  | 
| Slaughterhouse | 1 |  | 
| Black Citadel | 1 |  | 
                13 total
 » build order
                00:07 Crypt
00:13 Altar of Darkness
00:36 Ziggurat
00:54 Tomb of Relics
01:27 Graveyard
01:54 Ziggurat
02:27 Nerubian Tower
02:54 Halls of the Dead
06:35 Ziggurat
06:37 Slaughterhouse
07:10 Ziggurat
10:33 Black Citadel
17:10 Ziggurat
» items
                
                | Rod of Necromancy | 2 |  | 
| Scroll of Town Portal | 2 |  | 
| Scroll of Healing | 1 |  | 
| Orb of Corruption | 1 |  | 
                6 total
  
                Chat log
          (00:18 / Allies) thelaghotel: archmage here
(00:21 / Allies) thelaghotel: foots
(00:25 / Allies) nooobkiller: dk
(00:36 / Allies) thelaghotel: quicker tech than usual for me
(00:45 / Allies) thelaghotel: dual sanctum
(00:48 / Allies) thelaghotel: breaker priest
(00:49 / Allies) nooobkiller: me too
(00:53 / Allies) thelaghotel: k
(00:54 / Allies) nooobkiller: what race are they
(00:56 / Allies) thelaghotel: i uno
(00:59 / Allies) thelaghotel: just have a few towers
(01:05 / Allies) thelaghotel: well atleast 1 freeze
(06:13 / Allies) thelaghotel: qq
(06:15 / Allies) thelaghotel: 4got my shop
(06:18 / Allies) thelaghotel: wow so noob
(10:25 / Allies) thelaghotel: im b
(10:26 / Allies) thelaghotel: cc
(10:46 / All) iAm)ChoicE: wgat the hell
(11:34 / Allies) nooobkiller: b
(11:45 / Allies) nooobkiller: b
(12:16 / Allies) thelaghotel: getting morts
(12:18 / Allies) thelaghotel: and teching
(12:23 / Allies) thelaghotel: we need to check nelf expo
(12:26 / Allies) thelaghotel: i think he has one
(12:43 / Allies) thelaghotel: check
(13:11 / Allies) thelaghotel: i knew it
(13:26 / Allies) nooobkiller: b
(13:27 / Allies) nooobkiller: b
(13:28 / Allies) nooobkiller: b
(13:43 / Allies) nooobkiller: meet
(14:46 / Allies) nooobkiller: kill
(16:01 / Allies) thelaghotel: i expoing
(16:05 / Allies) nooobkiller: k
(16:25 / Allies) thelaghotel: lets chill
(16:27 / Allies) thelaghotel: i have flare
(16:29 / Allies) nooobkiller: good
(16:50 / Allies) nooobkiller: meet
(16:54 / Allies) thelaghotel: k
(16:55 / Allies) thelaghotel: hit
(17:27 / Allies) thelaghotel: b
(17:29 / Allies) thelaghotel: i can siege
(17:29 / Allies) thelaghotel: b
(19:22 / Allies) thelaghotel: fuckz
(19:37 / Allies) nooobkiller: b
(20:24 / Allies) thelaghotel: come now
(20:28 / Allies) nooobkiller: k
(21:04 / Allies) thelaghotel: lets hit nelf
(21:07 / Allies) thelaghotel: ud has towered
(21:08 / Allies) thelaghotel: alot
(21:13 / Allies) thelaghotel: in a few
(21:14 / Allies) thelaghotel: not this second
(21:15 / Allies) thelaghotel: lol
(22:15 / Allies) thelaghotel: attack
(22:16 / Allies) thelaghotel: sync
(22:19 / Allies) thelaghotel: dk
(22:20 / Allies) nooobkiller: go
(23:36 / All) iAm)ChoicE: my allie = idiot
(24:22 / Allies) thelaghotel: gj
(24:24 / Allies) thelaghotel: u play very well
(24:27 / Allies) nooobkiller: u too
(24:37 / Allies) nooobkiller: gold 
(25:21 / Allies) nooobkiller: gold plz
(26:10 / Allies) nooobkiller: gold plz
(26:23 / Allies) thelaghotel: lol